AoeStats
← chaquin_7

Pilgrims

510166832Analyzed
2v2 RM · 18h ago on Sep 29, 2026· 34m 3s· 4 players
Game mode
Random Map
Map size
Medium (4 player)
Population
200
Speed
Normal
Resources
Standard
Victory
Conquest
Starting age
Dark Age
Ending age
Imperial Age
RankedLock teamsTeams togetherTeam positionsShared explorationLock speedFull tech treeHidden civsTurbo modeCheats
Victory
Defeat
🇲🇽 Sicilians · Mexico
1169
+17
🇮🇪 Jurchens · Ireland
1131
+19
🇦🇷 Sicilians · Argentina
1285
-21
🇦🇷 Hindustanis · Argentina
1112
-15
chaquin_7
2:51 Loom
12:58 Feudal Age
13:25 Town Watch
24:37 Castle Age
22:59 Forging
22:31 Horse Collar
22:38 Double-Bit Axe
23:52 Scale Barding Armor
23:59 Bloodlines
28:26 Castle Age
29:11 Husbandry
29:52 Iron Casting
32:49 Imperial Age
33:05 Cavalier
seamusgalla
12:26 Feudal Age
10:42 Loom
13:56 Double-Bit Axe
18:23 Castle Age
16:44 Fletching
20:20 Bodkin Arrow
nstuartmilne
11:32 Feudal Age
12:29 Stone Mining
13:14 Fletching
24:47 Horse Collar
27:15 Wheelbarrow
30:44 Double-Bit Axe
leopoldstrauss420
6:39 Loom
10:51 Feudal Age
17:30 Castle Age
16:42 Man-at-Arms
19:15 Long Swordsman
23:44 Scale Mail Armor
30:01 Double-Bit Axe
30:53 Wheelbarrow
32:18 Pikeman
34:38 Hand Cart
Connection lost

Rejoining the realm…

Still unreachable

The connection could not be restored.

Session expired

The server has moved on; the page needs a fresh start.